AoeStats
← AiM | CyclopsTron

Arena

505798737Analyzed
4v4 RM · 21d ago on Sep 11, 2026· 42m 55s· 8 players
Game mode
Random Map
Map size
Large (8 player)
Population
200
Speed
Normal
Resources
Standard
Victory
Conquest
Starting age
Dark Age
Ending age
Imperial Age
RankedLock teamsTeams togetherTeam positionsShared explorationLock speedFull tech treeHidden civsTurbo modeCheats
Victory
Defeat
🇲🇽 Teutons · Mexico
1734
+8
🇲🇽 Shu · Mexico
1628
+11
🇲🇽 Tatars · Mexico
1591
+13
🇲🇽 Lithuanians · Mexico
1488
+16
🇦🇺 Britons · Australia
1544
-13
🇦🇺 Poles · Australia
1535
-13
🇺🇾 Persians · Uruguay
1533
-12
🇲🇽 Vikings · Mexico
1481
-10
FMG | Sawasha Takohida
10:02 Feudal Age
13:53 Castle Age
12:06 Double-Bit Axe
12:52 Horse Collar
14:41 Bow Saw
21:00 Wheelbarrow
22:45 Loom
24:11 Gold Mining
30:32 Imperial Age
28:29 Forging
28:48 Hand Cart
28:45 Scale Barding Armor
29:07 Light Cavalry
30:56 Bloodlines
30:46 Husbandry
33:18 Chemistry
31:48 Cavalier
32:56 Chain Barding Armor
33:52 Iron Casting
33:11 Savar
35:57 Gold Shaft Mining
35:59 Hussar
37:19 Plate Barding Armor
41:13 Blast Furnace
40:14 Padded Archer Armor
doggenoside12
10:24 Feudal Age
14:09 Castle Age
12:47 Horse Collar
13:22 Double-Bit Axe
18:19 Bow Saw
23:39 Wheelbarrow
22:50 Loom
23:02 Town Watch
24:02 Heavy Plow
25:05 Hand Cart
29:47 Imperial Age
27:10 Fletching
28:16 Bodkin Arrow
28:21 Padded Archer Armor
29:06 Town Patrol
29:40 Ballistics
30:44 Bracer
31:47 Chemistry
31:20 Leather Archer Armor
31:14 Elite Longbowman
31:50 Stone Mining
31:51 Gold Mining
32:53 Yeomen
33:15 Hoardings
33:17 Ring Archer Armor
33:46 Warwolf
34:23 Hoardings
34:42 Conscription
33:46 Crossbowman
34:35 Scale Mail Armor
34:45 Forging
39:55 Pikeman
40:35 Squires
40:20 Gambesons
40:21 Arson
Grillipop
10:30 Feudal Age
14:23 Castle Age
12:56 Double-Bit Axe
12:53 Horse Collar
15:54 Bow Saw
15:57 Heavy Plow
20:45 Wheelbarrow
20:55 Gold Mining
26:28 Imperial Age
25:11 Scale Barding Armor
25:16 Forging
25:31 Stone Mining
25:55 Loom
26:25 Szlachta Privileges
26:16 Town Watch
26:57 Chain Barding Armor
27:16 Bloodlines
27:09 Husbandry
26:47 Cavalier
28:48 Chemistry
29:08 Iron Casting
31:48 Blast Furnace
30:41 Fletching
31:07 Light Cavalry
32:32 Stone Shaft Mining
32:30 Crop Rotation
32:32 Conscription
33:33 Hoardings
33:22 Hand Cart
34:03 Town Patrol
37:36 Fortified Wall
37:37 Masonry
38:15 Lechitic Legacy
38:02 Winged Hussar
42:06 Siege Engineers
kazumakine
9:31 Feudal Age
9:19 Loom
11:22 Fletching
18:40 Double-Bit Axe
24:54 Castle Age
30:37 Bow Saw
30:09 Horse Collar
36:12 Imperial Age
35:17 Bodkin Arrow
37:00 Masonry
37:07 Bracer
37:15 Pikeman
37:53 Crossbowman
38:06 Capped Ram
38:50 Capped Ram
41:07 Chemistry
41:17 Arbalester
Sad Clown
10:54 Feudal Age
15:15 Castle Age
13:32 Double-Bit Axe
13:39 Horse Collar
15:32 Light Cavalry
16:33 Bow Saw
23:21 Fervor
23:49 Wheelbarrow
25:04 Hand Cart
25:40 Loom
28:54 Imperial Age
26:33 Scale Barding Armor
26:38 Forging
25:53 Light Cavalry
26:39 Gold Mining
27:15 Forging
27:20 Bloodlines
27:03 Town Watch
27:40 Stone Mining
28:13 Chain Barding Armor
27:53 Scale Mail Armor
28:54 Iron Casting
28:24 Husbandry
29:02 Heavy Plow
28:58 Treadmill Crane
28:56 Cavalier
30:20 Plate Barding Armor
30:58 Conscription
32:10 Stone Shaft Mining
32:52 Two-Man Saw
32:25 Fletching
32:36 Paladin
34:48 Bodkin Arrow
35:56 Chemistry
37:12 Bracer
37:14 Winged Hussar
41:03 Ballistics
Ux'Nova
10:29 Feudal Age
10:38 Feudal Age
12:20 Double-Bit Axe
14:56 Castle Age
14:19 Horse Collar
15:49 Bow Saw
18:47 Heavy Plow
20:22 Wheelbarrow
22:57 Hand Cart
23:10 Gold Mining
26:56 Loom
30:03 Imperial Age
28:04 Fletching
29:23 Gold Shaft Mining
29:37 Bodkin Arrow
32:04 Chemistry
31:06 Bracer
32:17 Conscription
33:14 Husbandry
33:24 Bloodlines
34:21 Ballistics
35:12 Town Watch
35:43 Heavy Cavalry Archer
37:35 Padded Archer Armor
40:08 Leather Archer Armor
40:09 Timurid Siegecraft
40:19 Caravan
40:50 Coinage
40:30 Guilds
LeBotut
11:12 Feudal Age
14:58 Castle Age
13:20 Double-Bit Axe
13:16 Horse Collar
15:46 Wheelbarrow
16:03 Bow Saw
18:41 Loom
19:29 Loom
24:38 Heavy Plow
24:33 Gold Mining
27:41 Imperial Age
25:32 Hand Cart
25:49 Town Watch
26:41 Gold Shaft Mining
25:59 Fletching
26:35 Ballistics
26:33 Padded Archer Armor
26:56 Bodkin Arrow
26:54 Stone Mining
27:58 Leather Archer Armor
28:12 Scale Mail Armor
27:38 Pikeman
27:40 Crossbowman
28:26 Thumb Ring
28:38 Bracer
29:42 Chemistry
28:34 Arbalester
30:39 Two-Man Saw
30:50 Bolt Magazine
32:08 Ring Archer Armor
32:31 Chain Mail Armor
33:29 Coinage
34:29 Plate Mail Armor
34:19 Siege Engineers
34:28 Masonry
35:04 Hoardings
35:25 Conscription
40:07 Elite Skirmisher
AiM | CyclopsTron
5:47 Loom
8:28 Feudal Age
9:05 Double-Bit Axe
11:31 Fletching
21:25 Castle Age
20:09 Stone Mining
20:03 Horse Collar
22:05 Bodkin Arrow
23:44 Wheelbarrow
23:28 Fortified Wall
23:17 Guard Tower
25:02 Bow Saw
26:48 Wheelbarrow
28:57 Town Watch
29:15 Gold Mining
30:58 Hand Cart
33:00 Pikeman
33:40 Squires
33:42 Scale Mail Armor
36:55 Imperial Age
34:54 Masonry
35:39 Heavy Plow
36:18 Chain Mail Armor
38:43 Chemistry
37:13 Halberdier
38:50 Plate Mail Armor
39:15 Forging
39:51 Conscription
40:05 Heavy Scorpion
40:52 Siege Engineers
41:33 Iron Casting
42:18 Ballistics
43:50 Ironclad
43:51 Conscription
Connection lost

Rejoining the realm…

Still unreachable

The connection could not be restored.

Session expired

The server has moved on; the page needs a fresh start.